 Dungeon Crawl Stone Soup version 0.22-a0-307-g2b15929 (webtiles) character file.

963 4thArraOfDagon the Firebug (level 8, -11/62 HPs)
             Began as a Naga Fire Elementalist on Apr 1, 2018.
             Was a Follower of Sif Muna.
             Mangled by a skeletal warrior
             ... wielding a +0 battleaxe
             ... led by a skeletal warrior
              (23 damage)
             ... on level 11 of the Dungeon.
             The game lasted 00:10:41 (1691 turns).

4thArraOfDagon the Firebug (Naga Fire Elementalist) Turns: 1691, Time: 00:10:42

Health: -11/62     AC:  7    Str: 10    XL:     8   Next: 15%
Magic:  7/14       EV:  9    Int: 18    God:    Sif Muna [*.....]
Gold:   165        SH:  0    Dex: 12    Spells: 2/15 levels left

rFire    . . .     SeeInvis +   m - +0 scimitar (slice)
rCold    + . .     Gourm    .   (no shield)
rNeg     . . .     Faith    .   g - +2 leather armour {rC+}
rPois    +         Spirit   .   (no helmet)
rElec    .         Reflect  .   j - +0 cloak
rCorr    .         Harm     .   (no gloves)
MR       .....                  (no barding)
Stlth    ++........             (no amulet)
HPRegen  0.20/turn              (no ring)
MPRegen  0.14/turn              (no ring)

@: vulnerable, divine energy, very slow
A: large, see invisible, deformed body, poison resistance, slowness 2, slow
metabolism 1, spit poison 1, AC +2
a: Spit Poison, Stop Divine Energy, Renounce Religion


You were on level 11 of the Dungeon.
You worshipped Sif Muna.
Sif Muna was aware of your devotion.
You were hungry.

You visited 2 branches of the dungeon, and saw 12 of its levels.

You collected 165 gold pieces.

Inventory:

Hand Weapons
 m - a +0 scimitar of slicing (weapon)
Armour
 a - a +0 robe
 e - a +2 ring mail of poison resistance
 g - a +2 leather armour of cold resistance (worn)
 j - a +0 cloak (worn)
Wands
 h - a wand of clouds (5)
 i - a wand of digging (11)
Scrolls
 b - 3 scrolls of identify
 d - 3 scrolls of remove curse
 f - a scroll of amnesia
Comestibles
 c - 7 rations


   Skills:
 - Level 1.5 Dodging
 - Level 3.0 Stealth
 + Level 4.0 Spellcasting
 * Level 5.5 Conjurations
 * Level 6.3 Fire Magic
 + Level 2.3 Invocations


You had 2 spell levels left.
You knew the following spells:

 Your Spells              Type           Power        Failure   Level  Hunger
a - Flame Tongue          Conj/Fire      ###..        1%          1    None
b - Conjure Flame         Conj/Fire      ###.....     5%          3    ###....
c - Sticky Flame          Conj/Fire      ###.....     17%         4    ####...
d - Fireball              Conj/Fire      ###.......   43%         5    ######.


Dungeon Overview and Level Annotations

Branches:
Dungeon (11/15)            Temple (1/1) D:6             Orc (0/2) D:10
   Lair: D:8-11

Altars:
Ashenzari
Cheibriados
Dithmenos
Elyvilon
Gozag
Hepliaklqana
Makhleb
Nemelex Xobeh
Sif Muna
Trog
Uskayaw
Wu Jian
Xom
Yredelemnul
Zin

Annotations:
D:3 4thArraOfDagon's ghost, weakling NaFE
D:10 Sonja


Innate Abilities, Weirdness & Mutations

You cannot wear boots.
Your serpentine skin is tough. (AC +2)
You have supernaturally acute eyesight. (SInv)
Armour fits poorly on your strangely shaped body.
Your system is resistant to poisons. (rPois)
You cover ground very slowly.
You have a slow metabolism.
You can spit poison.


Message History

You hit the skeletal warrior but do no damage.
The skeletal warrior is moderately damaged.
The skeletal warrior burns! x2
The skeletal warrior is engulfed in blazing flames.
The skeletal warrior hits you with a battleaxe!!
Unknown command.
You hit the skeletal warrior but do no damage.
The skeletal warrior is moderately damaged.
The skeletal warrior burns!
The skeletal warrior is engulfed in blazing flames.
The skeletal warrior hits you with a battleaxe!!
* * * LOW HITPOINT WARNING * * *
Unknown command.
Unknown command.
You hit the skeletal warrior but do no damage.
The skeletal warrior is heavily damaged.
The skeletal warrior burns! x2; The skeletal warrior stops burning.
The skeletal warrior is engulfed in blazing flames.
The skeletal warrior hits you with a battleaxe!!
You die...

#######.#
#........ #.# #.#
#z# #@# #.# #.#
#.# #.#
#.################
#....(............
###########.######
#.#


You could see a skeletal warrior.

Vanquished Creatures
  A water moccasin (D:6)
  A sky beast (D:9)
  A black bear (D:6)
  An ogre (D:4)
  A centaur (D:9)
  2 bullfrogs (D:6)
  4 hounds
  2 bullfrog skeletons
  2 orc wizards
  An iguana (D:7)
  2 worker ants
  A hound skeleton (D:8)
  5 adders
  A leopard gecko (D:6)
  5 orcs
  A bat (D:3)
  2 goblins
  3 hobgoblins
  2 quokkas
  A frilled lizard (D:1)
  2 kobolds
41 creatures vanquished.

Notes
Turn   | Place    | Note
-------+----------+-------------------------------------------
     0 | D:1      | 4thArraOfDagon the Naga Fire Elementalist began the quest for the Orb.
     0 | D:1      | Reached XP level 1. HP: 15/15 MP: 3/3
    88 | D:2      | Reached XP level 2. HP: 22/22 MP: 3/5
   318 | D:4      | Noticed an ogre
   325 | D:4      | Killed an ogre
   325 | D:4      | Reached skill level 4 in Fire Magic
   325 | D:4      | Reached XP level 3. HP: 28/28 MP: 1/6
   325 | D:4      | Reached XP level 4. HP: 36/36 MP: 1/7
   330 | D:4      | Learned a level 3 spell: Conjure Flame
   339 | D:4      | Found a glowing silver altar of Zin.
   370 | D:3      | Noticed 4thArraOfDagon's ghost (weakling NaFE)
   392 | D:4      | Reached XP level 5. HP: 42/42 MP: 6/9
   520 | D:5      | Entered Level 5 of the Dungeon
   529 | D:5      | Learned a level 4 spell: Sticky Flame
   574 | D:5      | Found a hazy altar of Hepliaklqana.
   630 | D:5      | Found an ornate altar of the Wu Jian Council.
   777 | D:5      | Reached XP level 6. HP: 47/49 MP: 6/10
   792 | D:6      | Noticed a black bear
   816 | D:6      | Killed a black bear
   816 | D:6      | Reached skill level 5 in Fire Magic
   834 | D:6      | Found a snail-covered altar of Cheibriados.
   920 | D:6      | Found a staircase to the Ecumenical Temple.
   931 | Temple   | Entered the Ecumenical Temple
  1008 | Temple   | Became a worshipper of Sif Muna the Loreminder
  1085 | D:6      | Noticed a water moccasin
  1093 | D:6      | Killed a water moccasin
  1093 | D:6      | Reached XP level 7. HP: 26/55 MP: 0/12
  1118 | D:6      | Reached skill level 1 in Invocations
  1200 | D:7      | Learned a level 5 spell: Fireball
  1264 | D:8      | Noticed a two-headed ogre
  1310 | D:7      | Reached skill level 5 in Conjurations
  1402 | D:7      | You fall through a shaft for 3 floors!
  1402 | D:10     | Entered Level 10 of the Dungeon
  1465 | D:9      | Reached * piety under Sif Muna
  1465 | D:9      | Reached skill level 6 in Fire Magic
  1469 | D:9      | Reached XP level 8. HP: 23/62 MP: 0/14
  1516 | D:9      | Noticed a hippogriff
  1553 | D:10     | Noticed Sonja
  1651 | D:10     | Found a staircase to the Orcish Mines.
  1681 | D:11     | Noticed a skeletal warrior
  1691 | D:11     | Mangled by a skeletal warrior

Vault maps used:
D:1:      dpeg_arrival_rooms_with_view, minmay_pentomino_s2
D:2:      old_standard_altar, first_ration
D:3:      marbit_many_paths, nicolae_ru_sacrificial_ziggurat
D:4:      old_standard_altar, serial_undead, serial_undead_c, serial_undead_d,
          serial_undead_c, serial_undead_d
D:5:      kennysheep_mini, kennysheep_mini_moat, hangedman_decor_lopped,
          tso_metal_star, uniq_duvessa
D:6:      slow_altar_1, minmay_temple_entry_statues_fountains, serial_shops,
          shop_coins
D:7:      kennysheep_cross_bottleneck
D:8:      grunt_temple_overflow_cloverleaf
D:9:      lair_entry_dummy, serial_shops, shop
D:10:     david_orc_2, uniq_urug, uniq_sonja, uniq_harold
D:11:     kennysheep_ambush_hall, uniq_josephine
Temple:   minmay_temple_curvy_loop

Skill      XL: |  1  2  3  4  5  6  7 |
---------------+----------------------+-----
Conjurations   | 2 3 4 5 |  5.5
Fire Magic     | 4 5 6 |  6.3
Spellcasting   | 3 4 |  4.0
Invocations    | 2 |  2.3
Dodging        | |  1.5
Stealth        | |  3.0

Action                   |  1- 3 |  4- 6 |  7- 9 || total
-------------------------+-------+-------+-------++-------
Melee: Unarmed           |       |    22 |     5 ||    27
       Scimitar          |       |       |     5 ||     5
 Cast: Flame Tongue      |     9 |    42 |    22 ||    73
       Conjure Flame     |       |     1 |     3 ||     4
       Sticky Flame      |       |     1 |     5 ||     6
Invok: Divine Energy     |       |       |     1 ||     1
 Abil: Spit Poison       |    12 |    12 |     9 ||    33
  Use: Scroll            |       |     1 |     4 ||     5
       Potion            |       |       |     2 ||     2
  Eat: Chunk             |       |     2 |     3 ||     5
Armor: Robe              |       |     1 |       ||     1
       Ring mail         |       |    18 |       ||    18
       Leather armour    |       |     2 |    17 ||    19
Dodge: Dodged            |     1 |    37 |    13 ||    51

Table legend:
 A = Spawn XP
 B = Non-spawn XP
 C = Spawn XP percentage of total XP
 D = Spawn monster count
 E = Non-spawn monster count
 F = Spawn count percentage of total count
 G = Total turns spent on level
                    A         B        C        D         E        F      G
               +---------+---------+-------+---------+---------+-------+---------
         Total |       0 |    1377 |   0.0 |       0 |      41 |   0.0 |  1691
               +---------+---------+-------+---------+---------+-------+---------
           D:1 |       0 |       5 |   0.0 |       0 |       3 |   0.0 |    70
           D:2 |       0 |      20 |   0.0 |       0 |       5 |   0.0 |   120
           D:3 |       0 |       3 |   0.0 |       0 |       2 |   0.0 |   117
           D:4 |       0 |     225 |   0.0 |       0 |       8 |   0.0 |   213
           D:5 |       0 |      87 |   0.0 |       0 |       3 |   0.0 |   273
           D:6 |       0 |     498 |   0.0 |       0 |       8 |   0.0 |   271
           D:7 |       0 |     122 |   0.0 |       0 |       3 |   0.0 |   184
           D:8 |       0 |      20 |   0.0 |       0 |       1 |   0.0 |    44
           D:9 |       0 |     369 |   0.0 |       0 |       5 |   0.0 |   104
          D:10 |       0 |      15 |   0.0 |       0 |       2 |   0.0 |   149
          D:11 |       0 |      13 |   0.0 |       0 |       1 |   0.0 |    38
               +---------+---------+-------+---------+---------+-------+---------
